 Dungeon Crawl Stone Soup version 0.24.0-29-g8ce449bc06 (webtiles) character file.

Game seed: 16279654588314366717, levelgen mode: deterministic

377 Curus the Carver (level 6, -5/50 HPs)
             Began as a Minotaur Gladiator on Nov 15, 2019.
             Slain by Blork the orc
             ... wielding a +0 dire flail
              (10 damage)
             ... on level 4 of the Dungeon.
             The game lasted 00:07:52 (2802 turns).

Curus the Carver (Minotaur Gladiator)               Turns: 2802, Time: 00:07:53

Health: -5/50      AC:  5    Str: 18      XL:     6   Next: 45%
Magic:  14/14      EV: 12    Int: 11      God:
Gold:   65         SH:  0    Dex: 11 (12) Spells: 5/5 levels left

rFire    . . .     SeeInvis .   a - +0 long sword
rCold    . . .     Gourm    .   (no shield)
rNeg     . . .     Faith    .   b - +0 leather armour
rPois    .         Spirit   .   c - +0 hat
rElec    .         Reflect  .   n - +0 cloak
rCorr    .         Harm     .   m - +0 pair of gloves
MR       .....                  (no boots)
Stlth    +.........             (no amulet)
HPRegen  0.16/turn              j - ring of magical power
MPRegen  0.14/turn              g - +4 ring of intelligence

@: no status effects
A: retaliatory headbutt, horns 2
a: no special abilities


You were on level 4 of the Dungeon.
You were not hungry.

You visited 1 branch of the dungeon, and saw 4 of its levels.

You collected 260 gold pieces.
You spent 195 gold pieces at shops.

Inventory:

Hand Weapons
 a - a +0 long sword (weapon)
Missiles
 d - 3 throwing nets (quivered)
Armour
 b - a +0 leather armour (worn)
 c - a +0 hat (worn)
 m - a +0 pair of gloves (worn)
 n - a +0 cloak (worn)
Jewellery
 g - a +4 ring of intelligence (right hand)
 i - an uncursed ring of attention
 j - a ring of magical power (left hand)
Scrolls
 e - 3 scrolls of amnesia
 h - 3 scrolls of identify
 k - 3 scrolls of teleportation
 l - a scroll of magic mapping
Potions
 o - 2 potions of curing
 q - a potion of haste
Comestibles
 f - 11 rations
 r - 2 chunks of flesh


   Skills:
 - Level 2.4 Fighting
 + Level 8.8 Long Blades
 - Level 2.0 Throwing
 - Level 3.2 Dodging


You had 5 spell levels left.
You didn't know any spells.
Your spell library contained the following spells:

 Spells                   Type           Power        Failure   Level  Hunger
 Corona                   Hex            #......      38%         1    ##.....
 Ensorcelled Hibernation  Hex/Ice        #.....       54%         2    ###....
 Confuse                  Hex            #.......     77%         3    ####...
 Dazzling Spray           Conj/Hex       #.....       77%         3    ####...
 Tukima's Dance           Hex            #.......     77%         3    ####...


Dungeon Overview and Level Annotations

Branches:
Dungeon (4/15)
 Temple: D:4-7

Altars:

Shops:
D:4 !

Annotations:
D:4 Blork the orc


Innate Abilities, Weirdness & Mutations

You reflexively headbutt those who attack you in melee.
You have a pair of horns on your head.


Message History

Blork the orc mumbles some strange words.
Blork the orc flickers and vanishes!
Deactivating autopickup; reactivate with Ctrl-A.
The ogre closely misses you.
You hit the ogre.
The ogre is severely wounded.
The ogre barely misses you.
You feel much better.
You hit the ogre.
The ogre is almost dead.
The ogre misses you.
You riposte.
You slash the ogre!
You kill the ogre!
You feel your strength returning.
You slash something! Something hits you!
You closely miss something. Something hits you.
* * * LOW HITPOINT WARNING * * *
You closely miss something. Something hits you!
* * * LOW HITPOINT WARNING * * *
You hit something but do no damage. Something hits you!
You die...

...... ..... ....
..# #.# #
#.#####.##.##.##
................
.#####)##.##.##
#@#####.# ##
###.......#
....###.#........
.................
#...###.#.#######
.....###.#######.
.....##..........
....>.............
....#.##..######..


There were no monsters in sight!

Vanquished Creatures
  2 ogres (D:4)
  2 iguanas
  Robin (D:4)
  An adder (D:2)
  5 gnolls
  3 worms
  A dart slug (D:2)
  An orc (D:3)
  3 giant cockroaches
  13 goblins
  11 hobgoblins
  A quokka (D:2)
  12 bats
  6 frilled lizards
  6 kobolds
  9 rats
77 creatures vanquished.

Notes
Turn   | Place    | Note
-------+----------+-------------------------------------------
     0 | D:1      | Curus the Minotaur Gladiator began the quest for the Orb.
     0 | D:1      | Reached XP level 1. HP: 18/18 MP: 0/0
    83 | D:1      | Reached skill level 4 in Long Blades
   117 | D:1      | Reached XP level 2. HP: 23/25 MP: 1/1
   214 | D:1      | Reached skill level 5 in Long Blades
   218 | D:1      | Reached XP level 3. HP: 30/30 MP: 2/2
   899 | D:2      | Reached XP level 4. HP: 36/37 MP: 3/3
  1016 | D:2      | Reached skill level 6 in Long Blades
  1892 | D:4      | Noticed Robin
  1907 | D:4      | Killed Robin
  2256 | D:4      | Reached skill level 7 in Long Blades
  2256 | D:4      | Reached XP level 5. HP: 42/42 MP: 4/4
  2296 | D:4      | Found Qohuov's Distillery.
  2304 | D:4      | Bought a potion of heal wounds for 65 gold pieces
  2304 | D:4      | Bought a potion of haste for 130 gold pieces
  2630 | D:4      | Noticed an ogre
  2637 | D:4      | Killed an ogre
  2637 | D:4      | Reached skill level 8 in Long Blades
  2644 | D:4      | Reached XP level 6. HP: 14/50 MP: 5/5
  2787 | D:4      | Noticed Blork the orc
  2802 | D:4      | Slain by Blork the orc

Levels and vault maps discovered:
D:1:      lightli_arrival_maybe_door_vault, layout_loops_cross
D:2:      layout_rooms, first_ration
D:3:      layout_loops_cross, st_stairs_13
D:4:      layout_basic, minmay_shop_grid_forest, uniq_blork_the_orc, uniq_robin

Skill      XL: |  1  2  3  4  5 |
---------------+----------------+-----
Long Blades    | 4 5 7 8 |  8.8
Fighting       | |  2.4
Throwing       | |  2.0
Dodging        | |  3.2

Action                   |  1- 3 |  4- 6 || total
-------------------------+-------+-------++-------
Melee: Long sword        |    65 |    78 ||   143
       Headbutt          |     9 |    18 ||    27
Throw: Throwing net      |       |     1 ||     1
  Use: Scroll            |     6 |     1 ||     7
       Potion            |     2 |     3 ||     5
 Stab: Sleeping          |     1 |       ||     1
  Eat: Chunk             |       |     3 ||     3
       Ration            |       |     1 ||     1
Armor: Leather armour    |    16 |    17 ||    33
Dodge: Dodged            |    30 |    45 ||    75
       Rpst.: Long sword |    10 |    12 ||    22
